 Dungeon Sprint DCSS version 0.19-a0-1079-g88a7474 (webtiles) character file.

539928 Kidiri the Invulnerable (level 21, -6/201 HPs)
             Began as a Minotaur Fighter on Aug 6, 2016.
             Was the Champion of the Shining One.
             Mangled by an Executioner (12 damage)
             ... summoned by Gloorx Vloq
             ... in the Dungeon (Sprint IX: "|||||||||||||||||||||||||||||").
             The game lasted 00:55:38 (19587 turns).

Kidiri the Invulnerable (Minotaur Fighter)         Turns: 19587, Time: 00:55:39

Health: -6/201     AC: 53    Str: 44    XL:     21   Next: 85%
Magic:  44/44      EV: 32    Int: 11    God:    the Shining One [******]
Gold:   424        SH: 55    Dex: 26    Spells: 0 memorised, 60 levels left

rFire  . . .     SeeInvis +     s - +6 eudemon blade (holy)
rCold  . . .     Gourm    .     D - +8 orange crystal plate armour {Archmagi, Int+3 Clar SustAt}
rNeg   + + +     Faith    .     Q - +1 large shield
rPois  .         Spirit   .     E - +1 hat {MR+}
rElec  +         Dismiss  .     N - +2 cloak "Ehudaed" {+Inv rElec rN+ Dex+3}
rCorr  +         Reflect  +     J - +1 pair of gloves {Dex+3}
SustAt +         Harm     .     y - +2 pair of boots of Card Tricks {Str+4 Int+3 Dex+4 Stlth+}
MR     ++...     Clarity  +     H - amulet of Woint {Reflect rN++ Str+5 SH+4}
Stlth  .......... NoTele   +    A - +6 ring of strength
                                I - ring "Offaowen" {rCorr SInv}

@: lethally poisoned (-6 -> -8), divine shield, very slightly contaminated,
slowed, glowing, very slow
A: retaliatory headbutt, hooves 1, horns 2, iridescent scales 1, agile 1, frail
1, mutation resistance 1, strong 1, wild magic 1
a: Divine Shield, Cleansing Flame, Summon Divine Warrior, Renounce Religion,
Evoke Invisibility
}: 9/15 runes: decaying, serpentine, barnacled, slimy, elven, silver, golden,
abyssal, gossamer


You were in the Dungeon.
You worshipped the Shining One.
The Shining One was exalted by your worship.
You were not hungry.

You visited 1 branch You collected 1982 gold pieces.
You spent 1558 gold pieces at shops.

Inventory:

Hand Weapons
 s - a +6 eudemon blade of holy wrath (weapon)
Missiles
 q - 6 silver tomahawks
 G - 41 javelins
 R - 3 javelins of penetration (quivered)
Armour
 y - the +2 pair of boots of Card Tricks (worn) {Str+4 Int+3 Dex+4 Stlth+}
   (Okawaru gifted it to you in the Dungeon)

   It affects your strength (+4).
   It affects your intelligence (+3).
   It affects your dexterity (+4).
   It makes you more stealthy.
 D - the +8 orange crystal plate armour (worn) {Archmagi, Int+3 Clar SustAt}
   (Okawaru gifted it to you in the Dungeon)

   It affects your intelligence (+3).
   It sustains your strength, intelligence and dexterity.
   It protects you against confusion.
 E - a +1 hat of magic resistance (worn)
 J - a +1 pair of gloves of dexterity (worn)
 N - the +2 cloak "Ehudaed" (worn) {+Inv rElec rN+ Dex+3}
   (Okawaru gifted it to you in the Dungeon)

   It affects your dexterity (+3).
   It insulates you from electricity.
   It protects you from negative energy.
   It lets you turn invisible.
 Q - a +1 large shield (worn)
Jewellery
 l - an uncursed ring of protection from fire
 t - the ring "Quygg" {*Confuse rN+ Int+5}
   (You found it in the Dungeon)

   [ring of positive energy]

   It affects your intelligence (+5).
   It protects you from negative energy.
   It may confuse you when you take damage.
 u - the amulet "Ferr" {Faith rF+ Dex+2}
   (You found it in the Dungeon)

   [amulet of faith]

   It allows you to gain divine favour quickly.
   It affects your dexterity (+2).
   It protects you from fire.
 A - a +6 ring of strength (right hand)
 C - a +4 ring of evasion
 F - the ring "Tytwirex" {rPois Int+6}
   (You found it in the Dungeon)

   [ring of poison resistance]

   It affects your intelligence (+6).
   It protects you from poison.
 H - the amulet of Woint (around neck) {Reflect rN++ Str+5 SH+4}
   (You found it in the Dungeon)

   [amulet of reflection]

   It shields you and reflects attacks.
   It affects your strength (+5).
   It greatly protects you from negative energy.
   It affects your SH (+4).
 I - the ring "Offaowen" (left hand) {rCorr SInv}
   (You found it in the Dungeon)

   [ring of resist corrosion]

   It lets you see invisible.
 K - a +4 ring of evasion
 T - an uncursed ring of resist corrosion
 V - an uncursed ring of protection from magic
Wands
 c - a wand of disintegration (11/24)
 p - a wand of lightning (5/15)
 B - a wand of teleportation (1/9)
 M - a wand of hasting (5/9)
Scrolls
 n - 9 scrolls of remove curse
 o - 2 scrolls of amnesia
 v - 6 scrolls of fog
 w - 3 scrolls of fear
 L - a scroll of identify
 P - 4 scrolls of recharging
 U - a scroll of immolation
Potions
 b - 2 potions of brilliance
 d - 5 potions of might
 e - 5 potions of curing
 f - 2 potions of cure mutation
 g - a potion of invisibility
 h - 4 potions of haste
 i - 8 potions of magic
 j - 6 potions of agility
 m - 4 potions of heal wounds
 O - 3 potions of berserk rage
 S - 2 potions of cancellation
Books
 r - a book of Power

   Spells                             Type                      Level
   a - Fulminant Prism                Conjuration/Hexes            4
   b - Iskenderun's Mystic Blast      Conjuration                  4
   c - Venom Bolt                     Conjuration/Poison           5
   d - Bolt of Magma                  Conjuration/Fire/Earth       5
   e - Iron Shot                      Conjuration/Earth            6
   f - Orb of Destruction             Conjuration                  7
   g - Spellforged Servitor           Conjuration/Summoning        7
Comestibles
 x - 9 bread rations
 z - 13 meat rations


   Skills:
 O Level 27 Fighting
 O Level 27 Long Blades
 O Level 27 Throwing
 O Level 27 Armour
 O Level 27 Dodging
 + Level 18.7 Stealth
 O Level 27 Shields
 + Level 21.6 Unarmed Combat
 * Level 20.1 Spellcasting
 O Level 27 Invocations
 O Level 27 Evocations


You had 60 spell levels left.
You didn't know any spells.

Dungeon Overview and Level Annotations

Branches:
Dungeon (1/1)

Altars:
Cheibriados
Dithmenos
Elyvilon
Fedhas
Gozag
Hepliaklqana
Kikubaaqudgha
Makhleb
Nemelex Xobeh
Okawaru
Pakellas
Qazlal
Ru
Sif Muna
Trog
Uskayaw
Vehumet
Xom
Yredelemnul
Zin
The Shining One
Beogh
Jiyva
Lugonu

Shops:
D *}*!

Annotations:
D Antaeus, Cerebov, Gloorx Vloq


Innate Abilities, Weirdness & Mutations

You reflexively headbutt those who attack you in melee.
You have a pair of horns on your head.
You have large cloven feet.
You are partially covered in iridescent scales. (AC +2)
You are agile. (Dex +2)
You are frail. (-10% HP)
You are somewhat resistant to further mutation.
Your muscles are strong. (Str +2)
Your spells are a little harder to cast, but a little more powerful.


Message History

The Executioner hits you but does no damage.
You block the Executioner's attack.
The Executioner completely misses you. x2
The Executioner misses you. You furiously retaliate!
You headbutt the Executioner!
You riposte.
You hit the Executioner but do no damage.
Your headbutt misses the Executioner.
The Executioner is severely wounded.
The Executioner barely misses you. You block the Executioner's attack.
Antaeus gestures at you.
The bolt of lightning hits Gloorx Vloq.
Gloorx Vloq resists.
The bolt of lightning hits the Executioner.
The Executioner resists.
The bolt of lightning misses you. The bolt of lightning hits you! You resist.
* * * LOW HITPOINT WARNING * * *
You block the Executioner's attack. x2; The Executioner barely misses you.
You feel sick. You block the Executioner's attack. x3
The Executioner completely misses you. You furiously retaliate!
You headbutt the Executioner. The Executioner barely misses you.
The Executioner completely misses you. The Executioner hits you!
You die...

▓▓▓▓▓▓▓▓▓▓▓▓▓▓▓▓▓▓▓
..........11C..&.&▓
▓▓▓▓▓▓▓▓▓▓▓▓▓▓▓▓▓1▓
................@.▓
▓▓▓▓▓▓▓▓▓▓▓▓▓▓▓▓▓▓▓
............'.....▓
▓▓▓▓▓▓▓▓▓▓▓▓▓▓▓▓▓.▓
..................▓
♣♣♣▓▓▓▓▓▓▓▓▓▓▓▓▓▓▓▓
.)).())...)().)...▓
♣♣♣▓▓▓▓▓▓▓▓▓▓▓▓▓▓)▓
..................▓


You could see Gloorx Vloq and an Executioner.

Vanquished Creatures
  the Royal Jelly (D)
  5 ancient liches (D)
  Mennas (D)
  3 orbs of fire (D)
  Mara (D)
  Sojobo (D)
  8 greater mummies (D)
  Boris (D)
  Xtahua (D)
  A Killer Klown (D)
  6 golden dragons (D)
  Geryon (D)
  Jory (D)
  Nikola (D)
  A bone dragon (D)
  Rupert (D)
  4 tentacled monstrosities (D)
  3 electric golems (D)
  2 liches (D)
  27 Orb Guardians (D)
  A titan (D)
  2 deep elf master archers (D)
  3 quicksilver dragons (D)
  12 sphinxes (D)
  10 acid blobs (D)
  4 deep elf blademasters (D)
  Gastronok (D)
  Agnes (D)
  5 storm dragons (D)
  A tengu reaver (D)
  Ilsuiw (D)
  6 shadow dragons (D)
  7 greater nagas (D)
  5 azure jellies (D)
  2 fire giants (D)
  10 frost giants (D)
  2 draconian knights (D)
  3 orc warlords (D)
  3 draconian monks (D)
  A deep elf sorcerer (D)
  An iron dragon (D)
  7 emperor scorpions (D)
  3 ghost moths (D)
  A draconian scorcher (D)
  A draconian zealot (D)
  A vault warden (D)
  3 draconian shifters (D)
  An ironheart preserver (D)
  6 stone giants (D)
  3 very ugly things (D)
  3 green draconians (D)
  2 entropy weavers (D)
  Nessos (D)
  8 vampire knights (D)
  A deep elf demonologist (D)
  A purple draconian (D)
  3 black draconians (D)
  3 mottled draconians (D)
  A yellow draconian (D)
  4 red draconians (D)
  A spark wasp (D)
  2 deep elf annihilators (D)
  A minotaur (D)
  6 merfolk impalers (D)
  10 death oozes (D)
  2 deep elf death magi (D)
  4 merfolk javelineers (D)
  An ettin (D)
  6 mummy priests (D)
  6 fire dragons (D)
  4 great orbs of eyes (D)
  2 naga warriors (D)
  A rakshasa (D)
  3 deep elf high priests (D)
  7 ice dragons (D)
  25 vault guards (D)
  2 anacondas (D)
  2 merfolk avatars (D)
  3 centaur warriors (D)
  4 hydras (D)
  2 catoblepae (D)
  3 merfolk aquamancers (D)
  4 ogre magi (D)
  A tengu warrior (D)
  A queen ant (shapeshifter) (D)
  2 alligators (D)
  A vampire mage (D)
  A deep troll shaman (D)
  Urug (D)
  5 death yaks (D)
  A thrashing horror (D)
  A hell knight (D)
  3 deep elf knights (D)
  A sun demon (D)
  A salamander mystic (D)
  A sea snake (D)
  A shadow wraith (D)
  An unseen horror (D)
  8 swamp dragons (D)
  A spriggan druid (D)
  2 naga ritualists (D)
  3 hill giants (D)
  A shambling mangrove (D)
  3 ironbrand convokers (D)
  6 orc knights (D)
  4 deep elf magi (D)
  3 large abominations (D)
  A necromancer (D)
  3 cyclopes (D)
  A mana viper (D)
  3 wolf spiders (D)
  2 griffons (D)
  A hornet (D)
  An ugly thing (D)
  15 moths of wrath (D)
  2 manticores (D)
  A black mamba (D)
  A water nymph (D)
  2 vault sentinels (D)
  A gargoyle (D)
  4 naga magi (D)
  3 spiny frogs (D)
  A rime drake (D)
  A freezing wraith (D)
  2 yaktaurs (D)
  A tengu conjurer (D)
  A komodo dragon (D)
  3 demonic crawlers (D)
  A hellwing (D)
  A wandering mushroom (D)
  4 trolls (D)
  8 two-headed ogres (D)
  14 guardian mummies (D)
  A jumping spider (D)
  7 merfolk (D)
  A giant leech (D)
  4 slime creatures (D)
  A snapping turtle (D)
  A wind drake (D)
  A boulder beetle (D)
  A bog body (D)
  A slime creature (shapeshifter) (D)
  11 spriggans (D)
  2 wraiths (D)
  3 redbacks (D)
  A yak (D)
  A fire bat (D)
  2 golden eyes (D)
  A hippogriff (D)
  7 nagas (D)
  2 mottled dragons (D)
  3 swamp drakes (D)
  4 porcupines (D)
  2 small abominations (D)
  13 orc warriors (D)
  2 sky beasts (D)
  An eye of draining (D)
  4 ogres (D)
  A wolf (D)
  A centaur (D)
  4 crocodiles (D)
  3 giant frogs (D)
  A crimson imp (D)
  4 orc priests (D)
  An iguana (D)
  5 orc wizards (D)
  A worker ant (D)
  An adder (D)
  An ufetubus (D)
  An adder skeleton (D)
  9 orcs (D)
  2 giant cockroaches (D)
  A goblin (D)
  A ball python (D)
  A bat (D)
  A bat simulacrum (D)
  2 giant newts (D)
554 creatures vanquished.

Vanquished Creatures (others)
  A lich (D)
  2 deep elf master archers (D)
  A tengu reaver (D)
  A merfolk (D)
  A swamp drake (D)
  A crawling corpse (D)
7 creatures vanquished.

Grand Total: 561 creatures vanquished

Notes
Turn   | Place    | Note
-------+----------+-------------------------------------------
     0 | D        | Kidiri the Minotaur Fighter began the quest for the Orb.
     0 | D        | Reached XP level 1. HP: 19/19 MP: 0/0
    12 | D        | Reached skill level 1 in Dodging
   124 | D        | Noticed a sky beast
   124 | D        | Noticed a crimson imp
   130 | D        | Reached XP level 2. HP: 27/27 MP: 1/1
   136 | D        | Killed a crimson imp
   136 | D        | Reached skill level 5 in Armour
   136 | D        | Reached skill level 5 in Shields
   136 | D        | Reached XP level 3. HP: 13/34 MP: 2/2
   147 | D        | Killed a sky beast
   147 | D        | Reached skill level 5 in Fighting
   147 | D        | Reached XP level 4. HP: 25/42 MP: 3/3
   147 | D        | Reached XP level 5. HP: 30/49 MP: 4/4
   270 | D        | Found a glowing silver altar of Zin.
   270 | D        | Found a glowing golden altar of the Shining One.
   270 | D        | Found an ancient bone altar of Kikubaaqudgha.
   270 | D        | Found a basalt altar of Yredelemnul.
   270 | D        | Found a shimmering altar of Xom.
   270 | D        | Found a radiant altar of Vehumet.
   271 | D        | Found an iron altar of Okawaru.
   272 | D        | Found a burning altar of Makhleb.
   273 | D        | Found a deep blue altar of Sif Muna.
   274 | D        | Found a bloodstained altar of Trog.
   275 | D        | Found a sparkling altar of Nemelex Xobeh.
   276 | D        | Found a white marble altar of Elyvilon.
   277 | D        | Found a roughly hewn altar of Beogh.
   278 | D        | Found a viscous altar of Jiyva.
   279 | D        | Became a worshipper of Warmaster Okawaru
   280 | D        | Found a corrupted altar of Lugonu.
   281 | D        | Found a blossoming altar of Fedhas.
   282 | D        | Found a snail-covered altar of Cheibriados.
   283 | D        | Found a shadowy altar of Dithmenos.
   284 | D        | Found a stormy altar of Qazlal.
   285 | D        | Found an opulent altar of Gozag.
   286 | D        | Found a sacrificial altar of Ru.
   287 | D        | Found an oddly glowing altar of Pakellas.
   288 | D        | Found a hide-covered altar of Uskayaw.
   289 | D        | Found a hazy altar of Hepliaklqana.
   348 | D        | Noticed a troll
   348 | D        | Noticed a hill giant
   348 | D        | Noticed a hill giant
   353 | D        | Reached skill level 1 in Invocations
   356 | D        | Killed a hill giant
   356 | D        | Reached * piety under Okawaru
   356 | D        | Reached ** piety under Okawaru
   356 | D        | Reached skill level 10 in Armour
   356 | D        | Reached skill level 5 in Dodging
   356 | D        | Reached skill level 10 in Shields
   356 | D        | Reached XP level 6. HP: 26/60 MP: 4/8
   356 | D        | Reached XP level 7. HP: 29/66 MP: 4/9
   359 | D        | Killed a hill giant
   359 | D        | Reached *** piety under Okawaru
   359 | D        | Reached skill level 10 in Long Blades
   359 | D        | Reached XP level 8. HP: 62/74 MP: 4/10
   361 | D        | Killed an unseen horror
   361 | D        | Reached skill level 5 in Invocations
   364 | D        | Killed a troll
   364 | D        | Reached **** piety under Okawaru
   552 | D        | Noticed a cyclops
   552 | D        | Noticed a hill giant
   558 | D        | Killed a hill giant
   558 | D        | Reached XP level 9. HP: 84/84 MP: 9/12
   571 | D        | Reached ***** piety under Okawaru
   576 | D        | Killed a cyclops
   861 | D        | Noticed a spiny frog
   864 | D        | Noticed an eight-headed hydra
   866 | D        | Reached skill level 10 in Fighting
   872 | D        | Killed a spiny frog
   879 | D        | Killed an 11-headed hydra
   879 | D        | Reached XP level 10. HP: 72/94 MP: 11/14
  1040 | D        | Noticed a four-headed hydra
  1043 | D        | Noticed a spiny frog
  1050 | D        | Killed a seven-headed hydra
  1050 | D        | Received a gift from Okawaru
  1059 | D        | Killed a spiny frog
  1081 | D        | Got a pair of fine boots {god gift}
  1092 | D        | Identified the +2 pair of boots of Card Tricks {Str+4 Int+3 Dex+4 Stlth+} (Okawaru gifted it to you in the Dungeon)
  1203 | D        | Noticed a death yak
  1203 | D        | Noticed a catoblepas
  1203 | D        | Noticed a death yak
  1203 | D        | Noticed a death yak
  1203 | D        | Noticed a death yak
  1203 | D        | Noticed a catoblepas
  1209 | D        | Noticed a death yak
  1226 | D        | Killed a catoblepas
  1231 | D        | Killed a death yak
  1231 | D        | Reached skill level 15 in Armour
  1231 | D        | Reached skill level 10 in Dodging
  1231 | D        | Reached skill level 15 in Shields
  1231 | D        | Reached XP level 11. HP: 49/102 MP: 11/16
  1236 | D        | Killed a death yak
  1240 | D        | Killed a death yak
  1240 | D        | Reached skill level 15 in Long Blades
  1267 | D        | Killed a catoblepas
  1273 | D        | Killed a death yak
  1273 | D        | Reached ****** piety under Okawaru
  1277 | D        | Killed a death yak
  1277 | D        | Received a gift from Okawaru
  1649 | D        | Noticed Urug
  1664 | D        | Killed Urug
  1702 | D        | Noticed Gastronok
  1715 | D        | Killed Gastronok
  1715 | D        | Reached skill level 1 in Throwing
  1884 | D        | Received a gift from Okawaru
  2009 | D        | Noticed an orc knight
  2009 | D        | Noticed an orc knight
  2021 | D        | Killed an orc knight
  2025 | D        | Noticed an orc knight
  2032 | D        | Killed an orc knight
  2054 | D        | Killed an orc knight
  2054 | D        | Reached skill level 10 in Invocations
  2054 | D        | Reached XP level 12. HP: 90/113 MP: 13/18
  2273 | D        | Found Ratan's Distillery.
  2273 | D        | Noticed an ogre mage
  2273 | D        | Noticed an ogre mage
  2278 | D        | Killed an ogre mage
  2284 | D        | Killed an ogre mage
  2290 | D        | Received a gift from Okawaru
  2294 | D        | Found Xitoym's Assorted Antiques.
  2298 | D        | Found Byosogg's Gadget Boutique.
  2301 | D        | Found Nishrieki's General Store.
  2352 | D        | Bought a brass ring for 130 gold pieces
  2355 | D        | Bought a potion of heal wounds for 55 gold pieces
  2355 | D        | Bought a potion of haste for 110 gold pieces
  2355 | D        | Bought a potion of heal wounds for 55 gold pieces
  2355 | D        | Bought a potion of curing for 33 gold pieces
  2663 | D        | Noticed a fire dragon
  2679 | D        | Killed a fire dragon
  2679 | D        | Reached skill level 5 in Throwing
  2680 | D        | Noticed an ice dragon
  2684 | D        | Noticed a great orb of eyes
  2685 | D        | Noticed an ogre mage
  2686 | D        | Noticed a stone giant
  2689 | D        | Killed an ice dragon
  2691 | D        | Noticed a deep troll shaman
  2692 | D        | Noticed a lich
  2695 | D        | Killed a great orb of eyes
  2695 | D        | Received a gift from Okawaru
  2699 | D        | Killed a stone giant
  2699 | D        | Received a gift from Okawaru
  2702 | D        | Killed an ogre mage
  2703 | D        | Killed a deep troll shaman
  2711 | D        | Killed a lich
  3000 | D        | Noticed Nessos
  3005 | D        | Killed Nessos
  3005 | D        | Reached XP level 13. HP: 124/124 MP: 18/20
  3109 | D        | Received a gift from Okawaru
  3271 | D        | Noticed a greater naga
  3278 | D        | Killed a greater naga
  3408 | D        | Noticed an emperor scorpion
  3408 | D        | Noticed a spark wasp
  3412 | D        | Received a gift from Okawaru
  3413 | D        | Got a crude shortbow {god gift}
  3414 | D        | Noticed an entropy weaver
  3421 | D        | Killed a spark wasp
  3428 | D        | Killed an emperor scorpion
  3441 | D        | Killed an entropy weaver
  3441 | D        | Reached skill level 15 in Fighting
  3449 | D        | Noticed a merfolk impaler
  3482 | D        | Killed a merfolk impaler
  3691 | D        | Noticed a stone giant
  3691 | D        | Noticed a lich
  3698 | D        | Noticed a frost giant
  3702 | D        | Killed a lich
  3702 | D        | Reached XP level 14. HP: 131/135 MP: 14/22
  3703 | D        | Noticed a frost giant
  3707 | D        | Received a gift from Okawaru
  3714 | D        | Killed a stone giant
  3718 | D        | Noticed a cyan very ugly thing
  3726 | D        | Received a gift from Okawaru
  3728 | D        | Killed a frost giant
  3735 | D        | Killed a frost giant
  3743 | D        | Killed a cyan very ugly thing
  3748 | D        | Noticed a frost giant
  3768 | D        | Reached skill level 10 in Throwing
  3782 | D        | Received a gift from Okawaru
  3790 | D        | Killed a frost giant
  3790 | D        | Received a gift from Okawaru
  3815 | D        | Gained mutation: You are frail. (-10% HP) [mutagenic meat]
  3818 | D        | Gained mutation: You have large cloven feet. [mutagenic meat]
  3821 | D        | Gained mutation: You are partially covered in iridescent scales. (AC +2) [mutagenic meat]
  3824 | D        | Gained mutation: You are somewhat resistant to further mutation. [mutagenic meat]
  3827 | D        | Gained mutation: You are agile. (Dex +2) [mutagenic meat]
  4103 | D        | Received a gift from Okawaru
  4124 | D        | Noticed an entropy weaver
  4126 | D        | Noticed a vault warden
  4129 | D        | Killed an entropy weaver
  4129 | D        | Reached skill level 15 in Dodging
  4131 | D        | Noticed a fire giant
  4138 | D        | Noticed an ironheart preserver
  4138 | D        | Killed a vault warden
  4146 | D        | Killed a fire giant
  4156 | D        | Killed an ironheart preserver
  4196 | D        | Got a bloodstained cloak {god gift}
  4207 | D        | Identified the +2 cloak "Ehudaed" {+Inv rElec rN+ Dex+3} (Okawaru gifted it to you in the Dungeon)
  4208 | D        | Identified the +3 shortbow "Goblinslayer" {venom, -Tele Int+3 SInv} (Okawaru gifted it to you in the Dungeon)
  4324 | D        | Gained mutation: Your muscles are strong. (Str +2) [mutagenic meat]
  4365 | D        | Noticed Nikola
  4378 | D        | Killed Nikola
  4378 | D        | Reached skill level 1 in Evocations
  4399 | D        | Noticed a tengu reaver
  4400 | D        | Noticed a tengu reaver
  4400 | D        | Noticed Sojobo
  4410 | D        | Killed a tengu reaver
  4410 | D        | Reached XP level 15. HP: 127/132 MP: 22/24
  4416 | D        | Killed a tengu reaver
  4440 | D        | Killed Sojobo
  4440 | D        | Received a gift from Okawaru
  4785 | D        | Noticed Xtahua
  4792 | D        | Killed Xtahua
  4813 | D        | Noticed Jory
  4821 | D        | Killed Jory
  4873 | D        | Received a gift from Okawaru
  5347 | D        | Received a gift from Okawaru
  5347 | D        | Reached skill level 5 in Evocations
  5364 | D        | Got a decaying rune of Zot
  5633 | D        | Noticed a greater naga
  5634 | D        | Noticed a greater naga
  5640 | D        | Noticed a greater naga
  5640 | D        | Killed a greater naga
  5642 | D        | Noticed a greater naga
  5648 | D        | Killed a greater naga
  5648 | D        | Received a gift from Okawaru
  5649 | D        | Noticed a greater naga
  5652 | D        | Killed a greater naga
  5653 | D        | Noticed a greater naga
  5663 | D        | Killed a greater naga
  5663 | D        | Reached skill level 15 in Invocations
  5673 | D        | Killed a greater naga
  5677 | D        | Killed a greater naga
  5677 | D        | Received a gift from Okawaru
  5687 | D        | Got a serpentine rune of Zot
  6471 | D        | Noticed Ilsuiw
  6494 | D        | Killed Ilsuiw
  6516 | D        | Reached XP level 16. HP: 125/143 MP: 22/26
  6525 | D        | Received a gift from Okawaru
  6546 | D        | Got a barnacled rune of Zot
  6771 | D        | Gained mutation: Your spells are a little harder to cast, but a little more powerful. [mutagenic meat]
  6773 | D        | Got a gossamer rune of Zot
  6980 | D        | Noticed Agnes
  6987 | D        | Killed Agnes
  7006 | D        | Noticed Rupert
  7009 | D        | Killed Rupert
  7009 | D        | Received a gift from Okawaru
  8332 | D        | Fell from the grace of Okawaru
  8332 | D        | Became a worshipper of the Shining One
  9422 | D        | Reached * piety under the Shining One
  9428 | D        | Reached ** piety under the Shining One
  9445 | D        | Noticed a shadow dragon
  9449 | D        | Reached skill level 10 in Evocations
  9451 | D        | Reached *** piety under the Shining One
  9462 | D        | Reached skill level 15 in Throwing
  9467 | D        | Noticed a shadow dragon
  9468 | D        | Killed a shadow dragon
  9472 | D        | Reached **** piety under the Shining One
  9482 | D        | Killed a shadow dragon
  9490 | D        | Reached ***** piety under the Shining One
  9491 | D        | Reached XP level 17. HP: 153/153 MP: 28/28
  9664 | D        | Noticed a quicksilver dragon
  9664 | D        | Noticed a quicksilver dragon
  9672 | D        | Noticed a quicksilver dragon
  9674 | D        | Reached ****** piety under the Shining One
  9675 | D        | Noticed a golden dragon
  9703 | D        | Killed a golden dragon
  9705 | D        | Killed a quicksilver dragon
  9708 | D        | Killed a quicksilver dragon
  9708 | D        | Reached skill level 27 in Armour
  9708 | D        | Reached skill level 27 in Shields
  9712 | D        | Killed a quicksilver dragon
  9712 | D        | Reached skill level 27 in Long Blades
  9719 | D        | Got a silver rune of Zot
  9721 | D        | Got a warped scale mail
  9732 | D        | Identified the +1 scale mail of Somewhere Else {rN+} (You found it in the Dungeon)
  9775 | D        | Identified a +6 eudemon blade of holy wrath (a +4 demon blade of freezing blessed by the Shining One)
  9775 | D        | Received a gift from the Shining One
  9837 | D        | Noticed Mara
  9850 | D        | Killed Mara
  9958 | D        | Got the amulet "Ferr" {Faith rF+ Dex+2}
  9960 | D        | Got the ring "Tytwirex" {rPois Int+6}
  9962 | D        | Got the amulet of Woint {Reflect rN++ Str+5 SH+4}
  9964 | D        | Got the ring "Quygg" {*Confuse rN+ Int+5}
  9966 | D        | Got the ring "Offaowen" {rCorr SInv}
 10050 | D        | Noticed Mennas
 10094 | D        | Killed Mennas
 10207 | D        | Noticed Boris
 10219 | D        | Killed Boris
 10309 | D        | Noticed a bone dragon
 10329 | D        | Killed a bone dragon
 10352 | D        | Noticed a golden dragon
 10374 | D        | Killed a golden dragon
 10803 | D        | Reached XP level 18. HP: 169/169 MP: 11/30
 10835 | D        | Reached skill level 15 in Evocations
 11094 | D        | Noticed a tentacled monstrosity
 11113 | D        | Killed a tentacled monstrosity
 11142 | D        | Noticed an electric golem
 11150 | D        | Noticed a tentacled monstrosity
 11168 | D        | Killed a tentacled monstrosity
 11169 | D        | Killed an electric golem
 11229 | D        | Noticed a tentacled monstrosity
 11230 | D        | Noticed a tentacled monstrosity
 11245 | D        | Killed a tentacled monstrosity
 11251 | D        | Killed a tentacled monstrosity
 11397 | D        | Noticed an Orb Guardian
 11397 | D        | Noticed an Orb Guardian
 11397 | D        | Noticed an Orb Guardian
 11397 | D        | Noticed an Orb Guardian
 11397 | D        | Noticed an Orb Guardian
 11397 | D        | Noticed an Orb Guardian
 11401 | D        | Killed an Orb Guardian
 11406 | D        | Noticed an Orb Guardian
 11406 | D        | Killed an Orb Guardian
 11414 | D        | Killed an Orb Guardian
 11416 | D        | Killed an Orb Guardian
 11422 | D        | Killed an Orb Guardian
 11424 | D        | Killed an Orb Guardian
 11428 | D        | Killed an Orb Guardian
 11430 | D        | Noticed an Orb Guardian
 11431 | D        | Noticed an Orb Guardian
 11432 | D        | Noticed an Orb Guardian
 11435 | D        | Killed an Orb Guardian
 11438 | D        | Killed an Orb Guardian
 11445 | D        | Killed an Orb Guardian
 11453 | D        | Noticed an Orb Guardian
 11453 | D        | Noticed an Orb Guardian
 11454 | D        | Noticed an Orb Guardian
 11463 | D        | Noticed an Orb Guardian
 11463 | D        | Killed an Orb Guardian
 11469 | D        | Killed an Orb Guardian
 11475 | D        | Reached XP level 19. HP: 175/185 MP: 1/33
 11621 | D        | Noticed an ancient lich
 11621 | D        | Paralysed by an ancient lich for 5 turns
 11631 | D        | Killed an ancient lich
 11631 | D        | Reached skill level 27 in Fighting
 11634 | D        | Noticed an orb of fire
 11641 | D        | Killed an orb of fire
 11701 | D        | Noticed an electric golem
 11707 | D        | Killed an electric golem
 11710 | D        | Noticed a golden dragon
 11710 | D        | Noticed an ancient lich
 11710 | D        | Noticed an orb of fire
 11710 | D        | Noticed a golden dragon
 11730 | D        | Noticed an orb of fire
 11731 | D        | Killed an orb of fire
 11737 | D        | Killed an ancient lich
 11739 | D        | Noticed a golden dragon
 11744 | D        | Noticed a golden dragon
 11754 | D        | Killed an orb of fire
 12088 | D        | Killed a golden dragon
 12110 | D        | Killed a golden dragon
 12110 | D        | Reached skill level 27 in Dodging
 12122 | D        | Killed a golden dragon
 12128 | D        | Killed a golden dragon
 12160 | D        | Noticed an electric golem
 12161 | D        | Noticed a Killer Klown
 12168 | D        | Killed a Killer Klown
 12174 | D        | Killed an electric golem
 12343 | D        | Reached XP level 20. HP: 166/194 MP: 36/36
 12357 | D        | Reached skill level 27 in Invocations
 12396 | D        | Reached skill level 27 in Throwing
 12642 | D        | Noticed an ancient lich
 12644 | D        | Noticed an ancient lich
 12651 | D        | Noticed an ancient lich
 12653 | D        | Killed an ancient lich
 12661 | D        | Killed an ancient lich
 12666 | D        | Killed an ancient lich
 12666 | D        | Reached skill level 27 in Evocations
 12666 | D        | Reached skill level 1 in Stealth
 12680 | D        | Reached skill level 5 in Unarmed Combat
 12706 | D        | Reached skill level 5 in Spellcasting
 12728 | D        | Reached skill level 5 in Stealth
 12892 | D        | Reached skill level 10 in Unarmed Combat
 12924 | D        | Reached skill level 10 in Spellcasting
 13260 | D        | Got an elven rune of Zot
 13440 | D        | Reached skill level 10 in Stealth
 13602 | D        | Noticed the Royal Jelly
 13616 | D        | Killed the Royal Jelly
 13616 | D        | Reached XP level 21. HP: 196/201 MP: 31/37
 13634 | D        | Reached skill level 15 in Unarmed Combat
 13657 | D        | Got a slimy rune of Zot
 14027 | D        | Was forgiven by Okawaru
 15157 | D        | Bought a scroll of recharging for 104 gold pieces
 15157 | D        | Bought a scroll of magic mapping for 38 gold pieces
 15157 | D        | Bought a potion of agility for 44 gold pieces
 15157 | D        | Bought a scroll of blinking for 82 gold pieces
 15160 | D        | Bought a wand of disintegration (11/24) for 165 gold pieces
 15162 | D        | Bought a dog-eared hardcover book for 390 gold pieces
 15164 | D        | Bought a potion of magic for 88 gold pieces
 15164 | D        | Bought a potion of cancellation for 88 gold pieces
 15164 | D        | Bought a potion of might for 44 gold pieces
 15164 | D        | Bought a potion of agility for 44 gold pieces
 15164 | D        | Bought a potion of cancellation for 88 gold pieces
 16617 | D        | Reached skill level 15 in Spellcasting
 16642 | D        | Reached skill level 15 in Stealth
 16998 | D        | Noticed a greater mummy
 17725 | D        | Killed a greater mummy
 17893 | D        | Noticed a greater mummy
 17893 | D        | Noticed a greater mummy
 17893 | D        | Noticed a greater mummy
 17893 | D        | Noticed a greater mummy
 17893 | D        | Noticed a greater mummy
 18040 | D        | Killed a greater mummy
 18252 | D        | Killed a greater mummy
 18407 | D        | Killed a greater mummy
 18715 | D        | Killed a greater mummy
 18837 | D        | Killed a greater mummy
 18884 | D        | Noticed a greater mummy
 18893 | D        | Killed a greater mummy
 19081 | D        | Noticed a greater mummy
 19101 | D        | Killed a greater mummy
 19177 | D        | Got a golden rune of Zot
 19313 | D        | Got an abyssal rune of Zot
 19455 | D        | Noticed Geryon
 19480 | D        | Killed Geryon
 19548 | D        | Noticed Antaeus
 19548 | D        | Noticed Gloorx Vloq
 19549 | D        | Noticed Cerebov
 19580 | D        | HP: 9/201 [poisoned by Gloorx Vloq (dark miasma)]
 19586 | D        | HP: 7/201 [Antaeus/bolt of lightning (12)]
 19587 | D        | Mangled by an Executioner

Vault maps used:
D:        linesprint

Skill      XL: |  1  2  3  4  5  6  7  8  9 10 11 12 13 14 15 16 17 18 19 20 21 |
---------------+----------------------------------------------------------------+-----
Shields        | 4 5 7 10 12 13 15 16 18 20 22 24 26 27 | 27.0
Long Blades    | 3 4 6 9 10 11 13 14 16 18 20 22 24 26 27 | 27.0
Dodging        | 1 2 3 5 6 7 8 10 11 12 13 15 16 18 21 24 27 | 27.0
Fighting       | 4 5 7 8 9 10 11 12 14 15 17 18 20 23 26 27 | 27.0
Armour         | 4 5 7 10 12 13 15 16 18 20 22 24 26 27 | 27.0
Invocations    | 4 6 7 8 10 11 12 14 15 17 19 23 26 27 | 27.0
Throwing       | 3 6 9 11 13 15 18 21 25 27 | 27.0
Evocations     | 2 7 10 14 18 22 27 | 27.0
Stealth        | 12 18 | 18.7
Unarmed Combat | 14 21 | 21.6
Spellcasting   | 13 20 | 20.1

Action                   |  1- 3 |  4- 6 |  7- 9 | 10-12 | 13-15 | 16-18 | 19-21 || total
-------------------------+-------+-------+-------+-------+-------+-------+-------++-------
Melee: Long sword        |    35 |       |       |       |       |       |       ||    35
       Headbutt          |     3 |     1 |    14 |    81 |   161 |   239 |   269 ||   768
       Scimitar          |       |     4 |    46 |   182 |       |       |       ||   232
       Demon blade       |       |       |       |    41 |   213 |    94 |       ||   348
       Double sword      |       |       |       |       |   199 |   201 |       ||   400
       Eudemon blade     |       |       |       |       |       |   412 |   749 ||  1161
Throw: Javelin           |       |       |       |    16 |    24 |    27 |     3 ||    70
       Tomahawk          |       |       |       |       |     8 |       |       ||     8
Invok: Heroism           |       |       |     2 |    12 |    14 |     4 |       ||    32
       Finesse           |       |       |     1 |    10 |    14 |     3 |       ||    28
       Divine Shield     |       |       |       |       |       |    12 |    23 ||    35
       Cleansing Flame   |       |       |       |       |       |     1 |     4 ||     5
       Brand Weapon With |       |       |       |       |       |     1 |       ||     1
       Summon Divine War |       |       |       |       |       |       |     1 ||     1
Evoke: Wand              |       |     2 |       |       |       |       |       ||     2
  Use: Potion            |     1 |       |     2 |     2 |     2 |       |    11 ||    18
       Scroll            |       |       |       |     1 |     1 |     3 |     6 ||    11
  Eat: Bread ration      |       |       |     1 |       |       |       |     3 ||     4
       Chunk             |       |       |       |     3 |    16 |     8 |     2 ||    29
       Fruit             |       |       |       |       |     4 |    21 |    15 ||    40
Armor: Scale mail        |    15 |       |       |       |       |       |       ||    15
       Chain mail        |       |       |    13 |    29 |       |       |       ||    42
       Plate armour      |       |       |       |     8 |       |       |       ||     8
       Crystal plate arm |       |       |       |       |    65 |    62 |    70 ||   197
Dodge: Dodged            |    10 |     1 |    11 |    33 |    85 |   138 |   131 ||   409
Block: Shield            |    13 |     2 |    23 |    70 |   194 |   193 |       ||   495
       Large shield      |       |       |       |       |       |   333 |   722 ||  1055
       Reflection        |       |       |       |       |       |     7 |    31 ||    38
